AoeStats
← Carryonmyway

Nomad

499746818Analyzed
3v3 RM · 2mo ago on Aug 16, 2026· 44m 6s· 6 players
Game mode
Random Map
Map size
210×210
Population
200
Speed
Normal
Resources
Standard
Victory
Conquest
Starting age
Dark Age
Ending age
Imperial Age
RankedLock teamsTeams togetherTeam positionsShared explorationLock speedFull tech treeHidden civsTurbo modeCheats
Victory
Defeat
🇵🇪 Inca · Peru
976
+13
🇪🇸 Chinese · Spain
949
+14
🇺🇸 Italians · United States
945
+15
🇨🇦 Britons · Canada
939
-44
🇨🇦 Inca · Canada
939
-44
🇨🇦 Jurchens · Canada
864
-34
israel
6:49 Loom
15:02 Feudal Age
16:04 Double-Bit Axe
19:12 Horse Collar
19:55 Fletching
24:25 Castle Age
26:13 Bodkin Arrow
26:52 Crossbowman
29:26 Bow Saw
30:33 Heavy Plow
31:53 Ballistics
31:48 Padded Archer Armor
35:25 Wheelbarrow
34:35 Town Watch
35:39 Light Cavalry
36:29 Bloodlines
36:20 Husbandry
36:51 Scale Barding Armor
38:29 Hand Cart
45:10 Imperial Age
43:25 Redemption
43:26 Fervor
43:55 Thumb Ring
44:56 Chain Barding Armor
44:52 Leather Archer Armor
44:49 Forging
espartakus 0_o
4:20 Loom
17:25 Feudal Age
18:02 Town Watch
18:52 Wheelbarrow
18:08 Horse Collar
20:06 Double-Bit Axe
20:32 Fishing Lines
25:00 Castle Age
23:49 Scale Mail Armor
24:00 Forging
23:40 Fletching
23:42 Arson
24:36 Gold Mining
25:10 Demolition Ship
26:01 Medium Warships
25:42 Gillnets
27:02 Gold Shaft Mining
26:18 Stone Mining
26:42 Bow Saw
27:09 Iron Casting
26:50 Chain Mail Armor
26:30 Bodkin Arrow
26:36 Padded Archer Armor
26:42 Heavy Plow
26:47 Town Patrol
27:03 Squires
26:58 Pikeman
28:27 Thumb Ring
30:26 Crossbowman
33:37 Hand Cart
34:49 Ballistics
34:25 Murder Holes
38:25 Imperial Age
36:16 Leather Archer Armor
36:14 Masonry
38:53 Great Wall
38:56 Elite Chu Ko Nu
40:41 Conscription
40:41 Bracer
41:23 Ring Archer Armor
44:38 Chemistry
Gambitho
3:33 Loom
14:59 Feudal Age
16:33 Fishing Lines
18:00 Fletching
20:11 Town Watch
22:38 Castle Age
21:25 Gold Mining
21:21 Double-Bit Axe
21:01 Champi Runner
21:27 Arson
21:54 Forging
21:45 Scale Mail Armor
22:23 Double-Bit Axe
22:56 Champi Warrior
23:34 Bodkin Arrow
24:32 Squires
24:56 Stone Mining
25:47 Wheelbarrow
27:00 Gillnets
27:54 Treadmill Crane
28:11 Murder Holes
28:28 Masonry
29:37 Ballistics
29:31 Clinker Construction
29:32 Careening
29:45 Bow Saw
34:37 Imperial Age
35:18 Chain Mail Armor
35:39 Iron Casting
34:41 Capped Ram
36:11 Conscription
36:40 Elite Kamayuk
38:07 Siege Ram
41:18 Hand Cart
41:41 Gold Shaft Mining
41:41 Stone Shaft Mining
42:14 Plate Mail Armor
42:59 Town Patrol
44:22 Blast Furnace
Griff_Blackfyre
16:45 Feudal Age
18:08 Wheelbarrow
25:20 Castle Age
PerfectLink
9:48 Loom
15:07 Feudal Age
15:46 Double-Bit Axe
17:26 Wheelbarrow
17:30 Man-at-Arms
22:02 Horse Collar
26:11 Bloodlines
26:36 Scale Barding Armor
27:25 Forging
34:07 Castle Age
37:32 Bow Saw
Carryonmyway
9:48 Loom
19:03 Feudal Age
19:33 Horse Collar
19:39 Double-Bit Axe
19:45 Gold Mining
24:04 Champi Runner
28:52 Castle Age
32:45 Champi Warrior
33:31 Heavy Plow
33:41 Bow Saw
34:07 Gold Shaft Mining
33:45 Forging
33:36 Scale Mail Armor
39:55 Iron Casting
39:36 Chain Mail Armor
Connection lost

Rejoining the realm…

Still unreachable

The connection could not be restored.

Session expired

The server has moved on; the page needs a fresh start.